 Dungeon Crawl Stone Soup version 0.27.1-33-g824d729ab1 (webtiles) character file.

Game seed: 7972123842322665181

63 pancakes the Ruffian (level 3, 25/28 HPs)
             Began as a Draconian Transmuter on Nov 13, 2021.
             Was a Follower of Qazlal.
             Quit the game on level 2 of the Dungeon on Dec 2, 2021.
             The game lasted 00:06:45 (1629 turns).

pancakes the Ruffian (Draconian Transmuter)         Turns: 1629, Time: 00:06:46

Health: 25/28      AC:  5    Str: 12    XL:     3   Next: 87%
Magic:  5/6        EV: 12    Int: 14    God:    Qazlal [*.....]
Gold:   76         SH:  2    Dex: 11    Spells: 3/6 levels left

rFire    . . .     SeeInvis .     - Unarmed
rCold    . . .     Faith    .   (no shield)
rNeg     . . .     Spirit   .   (armour unavailable)
rPois    .         Reflect  .   (helmet currently unavailable)
rElec    .         Harm     .   (no cloak)
rCorr    .         Rampage  .   (no gloves)
Will     .....                  (boots currently unavailable)
Stlth    +.........             (no amulet)
HPRegen  0.09/turn              (no ring)
MPRegen  0.10/turn              (no ring)

@: appendages (expiring)
A: horns 2, talons 2, AC +5, unfitting armour, cold-blooded
a: End Transformation, Renounce Religion


You were on level 2 of the Dungeon.
You worshipped Qazlal.
Qazlal was aware of your devotion.
You had temporarily grown beastly horns and talons.
You visited 1 branch of the dungeon, and saw 2 of its levels.

You collected 76 gold pieces.

Inventory:

Hand Weapons
 b - a +1 dagger of draining
Missiles
 a - 12 poisoned darts
Wands
 h - a wand of polymorph (11)
Scrolls
 c - a scroll of vulnerability {unknown}
 e - a scroll of holy word {unknown}
 f - 3 scrolls of identify {unknown}
 g - a scroll of noise {unknown}
Potions
 d - a potion of lignification {unknown}


   Skills:
 - Level 1.1 Fighting
 - Level 1.7 Dodging
 * Level 4.5 Unarmed Combat
 * Level 2.2 Spellcasting
 * Level 2.2 Transmutations


You had 3 spell levels left.
You knew the following spells:

 Your Spells              Type           Power      Damage    Failure   Level
x - Beastly Appendage     Tmut           14%        N/A       9%          1
z - Wereblood             Tmut           7%         N/A       14%         2

Your spell library contained the following spells:

 Spells                   Type           Power      Damage    Failure   Level
 Spider Form              Tmut/Pois      2%         N/A       41%         3
 Ice Form                 Ice/Tmut       4%         N/A       82%         4


Dungeon Overview and Level Annotations

Branches:
Dungeon (2/15)

Altars:
Qazlal


Innate Abilities, Weirdness & Mutations

You have temporarily grown beastly horns and talons.
Your plain brown scales are hard. (AC +5)
You cannot fit into any form of body armour.
You are cold-blooded and may be slowed by cold attacks.


Message History

Your magical contamination has completely faded away.
You now have 76 gold pieces (gained 15).
Your primal bloodlust is almost over.
Your primal bloodlust has ended.
A bat comes into view.
Casting: Beastly Appendage (safe; 10% risk of failure)
Confirm with . or Enter, or press ? or * to list all spells.
You grow a pair of large bovine horns.
Your feet morph into talons.
The bat barely misses you. The bat hits you but does no damage.
The bat barely misses you.
You hit the bat.
You kill the bat!
Qazlal accepts your kill.
Your transformation is almost over.
Your horns disappear.
Your talons disappear.
An endoplasm comes into view.
Casting: Beastly Appendage (safe; 10% risk of failure)
Confirm with . or Enter, or press ? or * to list all spells.
You grow a pair of large bovine horns.
Your feet morph into talons.
The endoplasm barely misses you.
You hit the endoplasm but do no damage. The endoplasm misses you.
You hit the endoplasm but do no damage. The endoplasm freezes you.
You are frozen.
You hit the endoplasm but do no damage. You punch the endoplasm.
You kill the endoplasm!
Qazlal accepts your kill.
Your transformation is almost over.
Unknown command.
Unknown command.
Save game and exit?
Welcome back, pancakes the Draconian Transmuter.
Qazlal says: Let the forces of nature tear it all down!
Press ? for a list of commands and other information.
Unknown command.
Unknown command.
Unknown command.
Unknown command.
Unknown command.
Are you sure you want to abandon this character and quit the game? (Confirm with "yes".)

.# #.###.# ##.....##
## #.. .... ##...##
### #.### ##'## #.
#.# #.########.#
#........#.#########
#.....##..<..<......
#...#.##........####
#.@..##....###.#
#.#........# #
#.#####†#.## #.
#.#.# #. #.#.# #.
..#.. ## ###.# #.#
#.#


There were no monsters in sight!

Vanquished Creatures
  A gnoll (D:1)
  An adder (D:2)
  4 dart slugs
  4 ball pythons
  5 bats
  7 endoplasms
  2 goblins (D:1)
  A hobgoblin (D:2)
  A quokka (D:1)
  3 frilled lizards (D:1)
  3 kobolds
  3 rats
35 creatures vanquished.

Notes
Turn   | Place    | Note
-------+----------+-------------------------------------------
     0 | D:1      | pancakes the Draconian Transmuter began the quest for the
                  | Orb.
     0 | D:1      | Reached XP level 1. HP: 16/16 MP: 3/3
   264 | D:1      | Found a faded altar of an unknown god.
   264 | D:1      | Noticed a great orb of eyes
   271 | D:1      | Noticed a golden eye
   271 | D:1      | Noticed a great orb of eyes
   271 | D:1      | Noticed an eye of devastation
   275 | D:1      | Reached XP level 2. HP: 22/23 MP: 3/5
   285 | D:1      | Became a worshipper of Qazlal Stormbringer
   285 | D:1      | Reached * piety under Qazlal
   561 | D:1      | Reached skill level 4 in Unarmed Combat
   853 | D:1      | Reached XP level 3. HP: 28/28 MP: 4/6
  1450 | D:2      | Learned a level 2 spell: Wereblood
  1629 | D:2      | Upgraded the game from 0.27.1-4-g1640c2035a to
                  | 0.27.1-33-g824d729ab1
  1629 | D:2      | Quit the game

Illustrated notes

Levels and vault maps discovered:
D:1:      co_arrival_random_square_maze, layout_loops_corners,
          hellmonk_ecumenical_altar_watching_god
D:2:      layout_loops_corners

Skill      XL: |  1  2 |
---------------+-------+-----
Unarmed Combat | 4 |  4.5
Fighting       | |  1.1
Dodging        | |  1.7
Spellcasting   | |  2.2
Transmutations | |  2.2

Action                   || total
-------------------------++-------
Melee: Unarmed           ||    80
       Headbutt          ||     6
       Tailslap          ||    13
       Kick              ||    11
       Punch             ||     2
 Cast: Beastly Appendage ||    24
       Wereblood         ||     2
Armor: Skin              ||    16
Dodge: Dodged            ||    48
Block: Other             ||     3
